 Dungeon Crawl Stone Soup version 0.29.0-4-gdea44cf6ec (webtiles) character file.

Game seed: 7202289202558355412

79 qw the Chopper (level 4, -1/26 HPs)
             Began as a Tengu Warper on Aug 28, 2022.
             Slain by an ice beast (2 damage)
             ... on level 3 of the Dungeon.
             The game lasted 00:00:17 (2875 turns).

qw the Chopper (Tengu Warper)                       Turns: 2875, Time: 00:00:18

Health: -1/26      AC:  9    Str: 14      XL:     4   Next: 38%
Magic:  8/8        EV: 11    Int: 12 (13) God:
Gold:   155        SH:  0    Dex: 11 (13) Spells: 7/7 levels left

rFire   . . .      SeeInvis .   Y - +0 hand axe
rCold   + . .      Faith    .   (no shield)
rNeg    + . .      Spirit   .   c - +1 ring mail {rN+}
rPois   .          Reflect  .   (helmet restricted)
rElec   .          Harm     .   (no cloak)
rCorr   .          Rampage  .   l - +2 pair of gloves
Will    .....                   (boots unavailable)
Stlth   +.........              (no amulet)
HPRegen 0.08/turn               i - ring of protection from cold
MPRegen 0.11/turn               (no ring)

@: no status effects
A: beak, talons 3, sense surroundings 1, subdued magic 1
a: no special abilities


You were on level 3 of the Dungeon.
You visited 1 branch of the dungeon, and saw 3 of its levels.

You collected 155 gold pieces.


Innate Abilities, Weirdness & Mutations

You have a beak for a mouth.
You have claws for feet.
You passively map a small area around you.
Your spells are a little easier to cast, but a little less powerful.


   Skills:
 - Level 2.0 Fighting
 + Level 5.0 Axes
 - Level 1.0 Throwing
 - Level 1.1 Armour
 - Level 2.1 Dodging
 - Level 2.0 Spellcasting
 - Level 2.4 Translocations


You had 7 spell levels left.
You didn't know any spells.
Your spell library contained the following spells:

 Spells                   Type           Power      Damage    Failure   Level
 Blink                    Tloc           10%        N/A       28%         2
 Gell's Gravitas          Tloc           5%         N/A       50%         3
 Lesser Beckoning         Tloc           5%         N/A       50%         3
 Teleport Other           Tloc           5%         N/A       50%         3
 Manifold Assault         Tloc           5%         N/A       99%         5

Inventory:

Hand Weapons
 m - a +1 vorpal mace
 Y - a +0 hand axe (weapon)
Armour
 b - a +0 chain mail
 c - a +1 ring mail of positive energy (worn)
 l - a +2 pair of gloves (worn)
Jewellery
 f - a ring of fire
 i - a ring of protection from cold (left hand)
Scrolls
 a - a scroll of summoning {unknown}
 g - a scroll of enchant armour
Potions
 d - a potion of berserk rage {unknown}
 e - a potion of brilliance {unknown}
 h - a potion of resistance
 k - 2 potions of mutation
 n - a potion of curing
 o - a potion of heal wounds {unknown}

Dungeon Overview and Level Annotations

Branches:
Dungeon (3/15)

Altars:


Message History

Your peck misses the ice beast.
The ice beast is moderately wounded.
The ice beast barely misses you.
You hit the ice beast but do no damage. Your kick misses the ice beast.
The ice beast is moderately wounded.
The ice beast barely misses you.
You hit the ice beast but do no damage. You claw the ice beast.
You peck the ice beast, but do no damage.
The ice beast is moderately wounded.
The ice beast hits you but does no damage.
You hit the ice beast. You claw the ice beast!
The ice beast is severely wounded.
The ice beast closely misses you.
You barely miss the ice beast.
The ice beast is severely wounded.
The ice beast hits you but does no damage.
You closely miss the ice beast.
The ice beast is severely wounded.
The ice beast hits you but does no damage.
You hit the ice beast.
The ice beast is severely wounded.
The ice beast hits you but does no damage.
You barely miss the ice beast. Your kick misses the ice beast.
The ice beast is severely wounded.
The ice beast hits you. The ice beast freezes you! You resist.
You barely miss the ice beast.
The ice beast is severely wounded.
The ice beast hits you but does no damage.
You hit the ice beast but do no damage.
You claw the ice beast, but do no damage.
You peck the ice beast, but do no damage.
The ice beast is severely wounded.
The ice beast hits you. The ice beast freezes you. You resist.
You hit the ice beast. Your kick misses the ice beast.
The ice beast is almost dead.
The ice beast hits you but does no damage.
You hit the ice beast but do no damage. Your kick misses the ice beast.
The ice beast is almost dead.
The ice beast hits you.
You die...

** #####....
#.########....
#.#.........#.
#.#.###....... *
###.#.###.##.... ,
,............#.#
####.#.##.......#
###...........###.#
#.@...........# .#
,* #Y#.##.#.##...#
# ,*
#.#.##........... .
,
#.#.###......##...#
#.#.# #..###.# .#.#
,####[#.###... ...
#.. ,..##..........
..##
#.##....##.#### ,
.. #.##..#.##.# *
.#


You could see an ice beast.

Vanquished Creatures
  An adder (D:2)
  A worm (D:2)
  A dart slug (D:1)
  5 orcs
  4 endoplasms (D:1)
  3 giant cockroaches
  4 goblins
  7 hobgoblins
  12 jackals
  2 quokkas
  A ball python (D:3)
  A bat (D:1)
  4 frilled lizards
  4 kobolds
  2 rats
52 creatures vanquished.

Notes
Turn   | Place    | Note
-------+----------+-------------------------------------------
     0 | D:1      | qw the Tengu Warper began the quest for the Orb.
     0 | D:1      | Reached XP level 1. HP: 12/12 MP: 4/4
     0 | D:1      | 0 ||| qw: Version: 0.1-a-89-g26bdef1
     0 | D:1      | 0 ||| qw: Game counter: 3247
     0 | D:1      | 0 ||| qw: Always use a shield: true
     0 | D:1      | 0 ||| qw: God list: Okawaru
     0 | D:1      | 0 ||| qw: Allow faded altars: false
     0 | D:1      | 0 ||| qw: Do Orc after D:15 true
     0 | D:1      | 0 ||| qw: Do second Lair branch before Depths: true
     0 | D:1      | 0 ||| qw: Lair rune preference: random
     0 | D:1      | 0 ||| qw: Plans: Normal
     0 | D:1      | 0 ||| PLANNING D:1-11
   331 | D:1      | 331 ||| Stepping ~*~*~tactically~*~*~ (hiding).
   338 | D:1      | Reached skill level 3 in Axes
   338 | D:1      | Reached XP level 2. HP: 17/17 MP: 6/6
   879 | D:1      | 879 ||| UPGRADING to +2 pair of gloves.
   884 | D:1      | 884 ||| UPGRADING to ring of protection from cold.
   885 | D:1      | 885 ||| READING scroll labelled LIAWEO UKEHUESYR.
   886 | D:1      | 886 ||| READING 2 scrolls labelled VOOVVA OQUNYO.
   887 | D:1      | 887 ||| READING 2 scrolls labelled EHISUE AMAL.
   958 | D:1      | 958 ||| DRINKING 2 clear potions.
   959 | D:1      | 959 ||| DRINKING 2 viscous yellow potions.
   959 | D:1      | Gained mutation: Your spells are a little easier to cast,
                  | but a little less powerful. [potion of mutation]
   959 | D:1      | Gained mutation: You passively map a small area around you.
                  | [potion of mutation]
   960 | D:1      | 960 ||| DRINKING 2 fizzy blue potions.
   961 | D:1      | 961 ||| DROPPING scroll of blinking.
   962 | D:1      | 962 ||| DROPPING potion of degeneration.
  1049 | D:2      | Reached XP level 3. HP: 20/21 MP: 7/7
  1060 | D:2      | 1060 ||| DROPPING +0 club.
  1264 | D:2      | Reached skill level 4 in Axes
  1359 | D:2      | Found a faded altar of an unknown god.
  1540 | D:2      | 1540 ||| DROPPING +0 whip.
  1819 | D:2      | 1819 ||| Stepping ~*~*~tactically~*~*~ (stealth).
  1939 | D:2      | 1939 ||| UPGRADING to +1 ring mail of positive energy.
  1949 | D:2      | 1949 ||| DROPPING +0 leather armour.
  1950 | D:2      | 1950 ||| READING 3 scrolls labelled GAZEUN OFAS.
  1951 | D:2      | 1951 ||| READING scroll labelled WIPOUFUUGE.
  1952 | D:2      | 1952 ||| READING scroll labelled EFEWEKH SASE.
  1953 | D:2      | 1953 ||| DRINKING 2 puce potions.
  1954 | D:2      | 1954 ||| DROPPING 2 scrolls of vulnerability.
  1980 | D:3      | 1980 ||| STAIRDANCE
  1987 | D:3      | 1987 ||| STAIRDANCE
  1997 | D:3      | 1997 ||| STAIRDANCE
  2053 | D:3      | 2053 ||| STAIRDANCE
  2066 | D:3      | 2066 ||| STAIRDANCE
  2115 | D:3      | Reached XP level 4. HP: 25/26 MP: 8/8
  2127 | D:3      | 2127 ||| Stepping ~*~*~tactically~*~*~ (stealth).
  2131 | D:3      | 2131 ||| Stepping ~*~*~tactically~*~*~ (stealth).
  2147 | D:3      | 2147 ||| Stepping ~*~*~tactically~*~*~ (stealth).
  2152 | D:3      | 2152 ||| Stepping ~*~*~tactically~*~*~ (stealth).
  2158 | D:3      | 2158 ||| Stepping ~*~*~tactically~*~*~ (stealth).
  2218 | D:3      | 2218 ||| Stepping ~*~*~tactically~*~*~ (stealth).
  2275 | D:3      | 2275 ||| Stepping ~*~*~tactically~*~*~ (stealth).
  2567 | D:3      | Noticed an ice beast
  2575 | D:3      | Reached skill level 5 in Axes
  2575 | D:3      | HP: 6/26 [ice beast (7)]
  2576 | D:3      | 2576 ||| READING scroll of teleportation.
  2873 | D:3      | HP: 6/26 [ice beast (4)]
  2873 | D:3      | HP: 1/26 [ice beast (5)]
  2875 | D:3      | Slain by an ice beast

Levels and vault maps discovered:
D:1:      shiori_arrival_oz, layout_basic, serial_glass, glass_columns_a,
          glass_columns_a
D:2:      layout_basic, shapermc_ecumenical_altar_ellora,
          minmay_misc_feat_cross, st_stairs_12
D:3:      layout_loops_ring

Skill      XL: |  1  2  3  4 |
---------------+-------------+-----
Axes           | 3 4 5 |  5.0
Fighting       | |  2.0
Throwing       | |  1.0
Armour         | |  1.1
Dodging        | |  2.1
Spellcasting   | |  2.0
Translocations | |  2.4

Action                   |  1- 3 |  4- 6 || total
-------------------------+-------+-------++-------
Melee: Hand axe          |   100 |    70 ||   170
       Kick              |    20 |    18 ||    38
       Peck              |    11 |    10 ||    21
Throw: Boomerang         |     7 |       ||     7
  Use: Scroll            |     6 |     1 ||     7
       Potion            |     4 |       ||     4
Armor: Leather armour    |    15 |       ||    15
       Ring mail         |    15 |    29 ||    44
Dodge: Dodged            |    63 |    24 ||    87

Table legend:
 A = Non-vault XP
 B = Vault XP
 C = Vault XP percentage of total XP
 D = Non-vault monster count
 E = Vault monster count
 F = Vault count percentage of total count
                 A         B        C        D         E       F
            +---------+---------+-------+---------+---------+-------
      Total |     109 |       5 |   4.4 |      49 |       3 |   5.8
            +---------+---------+-------+---------+---------+-------
        D:1 |      19 |       4 |  17.4 |      10 |       2 |  16.7
        D:2 |      54 |       1 |   1.8 |      21 |       1 |   4.5
        D:3 |      36 |       0 |   0.0 |      18 |       0 |   0.0
            +---------+---------+-------+---------+---------+-------
